 Dungeon Crawl Stone Soup version 0.28.0-1-gb440e238dd (webtiles) character file.

Game seed: 2485377657354838947

21393 Gorgormcgor the Geomancer (level 12, -2/65 HPs)
             Began as a Gargoyle Earth Elementalist on Feb 19, 2022.
             Was a Priest of Sif Muna.
             Slain by a sun demon (10 damage)
             ... on level 8 of the Dungeon on Feb 25, 2022.
             The game lasted 01:57:51 (16506 turns).

Gorgormcgor the Geomancer (GrEE)                   Turns: 16506, Time: 01:57:52

Health: -2/65      AC: 26    Str: 12    XL:     12   Next: 89%
Magic:  9/21       EV: 13    Int: 21    God:    Sif Muna [***...]
Gold:   952        SH:  0    Dex: 12    Spells: 4/24 levels left

rFire   . . .      SeeInvis .   i - staff of earth
rCold   . . .      Faith    .   (no shield)
rNeg    + . .      Spirit   .   z - +1 troll leather armour
rPois   ∞          Reflect  .   f - +0 helmet "Toeliqoy" {rPois Int+2}
rElec   +          Harm     .   u - scarf {repulsion}
rCorr   +          Rampage  .   I - +1 pair of gloves
Will    .....                   p - +2 pair of boots
Stlth   ++........              (no amulet)
HPRegen 1.00/turn               v - ring of resist corrosion
MPRegen 0.17/turn               l - +4 ring of protection

@: repel missiles
A: sickness immunity, AC +8, negative energy resistance 1, electricity
resistance, torment resistance 1, petrification resistance
a: Renounce Religion, Channel Magic, Forget Spell


You were on level 8 of the Dungeon.
You worshipped Sif Muna.
Sif Muna was most pleased with you.
You visited 2 branches of the dungeon, and saw 16 of its levels.

You collected 952 gold pieces.

Inventory:

Hand Weapons
 H - a +4 dagger of venom
Missiles
 b - 20 stones
 h - 26 poisoned darts (quivered)
 y - 2 javelins
 C - 2 throwing nets
Armour
 f - the +0 helmet "Toeliqoy" (worn) {rPois Int+2}
   (You acquired it on level 11 of the Dungeon)

   Int:       It affects your intelligence (+2).
   rPois:     It protects you from poison.
 g - an orb of guile
 p - a +2 pair of boots (worn)
 u - a scarf of repulsion (worn)
 z - a +1 troll leather armour (worn)
 I - a +1 pair of gloves (worn)
Magical Staves
 i - a staff of earth (weapon)
 F - a staff of conjuration
Jewellery
 l - a +4 ring of protection (right hand)
 v - a ring of resist corrosion (left hand)
 A - a +4 ring of evasion
Wands
 c - a wand of iceblast (10)
Scrolls
 m - a scroll of blinking
 n - 3 scrolls of vulnerability
 w - 2 scrolls of fear
 x - a scroll of teleportation
 D - 4 scrolls of identify
 G - 2 scrolls of enchant weapon
Potions
 a - 3 potions of heal wounds
 d - 3 potions of haste
 e - 5 potions of might {unknown}
 j - 2 potions of lignification
 k - 5 potions of curing
 o - 2 potions of attraction {unknown}
 q - a potion of invisibility
 r - a potion of berserk rage {unknown}
 s - a potion of flight {unknown}
 t - a potion of magic {unknown}
 B - 2 potions of mutation {unknown}
 J - a potion of resistance {unknown}


   Skills:
 + Level 3.6 Fighting
 - Level 7.7 Armour
 + Level 5.2 Dodging
 + Level 3.9 Stealth
 + Level 6.6 Spellcasting
 + Level 9.2 Conjurations
 - Level 6.1 Transmutations
 + Level 6.0 Fire Magic
 + Level 10.4 Earth Magic
 + Level 7.3 Invocations
 - Level 4.1 Evocations


You had 4 spell levels left.
You knew the following spells:

 Your Spells              Type           Power      Damage    Failure   Level
a - Sandblast             Erth           100%       2d20      1%          1
b - Passwall              Tmut/Erth      48%        N/A       1%          2
c - Stone Arrow           Conj/Erth      100%       3d13      1%          3
d - Petrify               Tmut/Erth      58%        N/A       3%          4
e - Foxfire               Conj/Fire      100%       2x1d9     1%          1
f - Flame Wave            Conj/Fire      38%        2d9       4%          4
g - Lee's Rapid Deconstr  Erth           33%        3d18*     4%          5

Your spell library contained the following spells:

 Spells                   Type           Power      Damage    Failure   Level
 Conjure Flame            Conj/Fire      38%        6-21      1%          3
 Dazzling Flash           Conj/Hex       52%        N/A       4%          3
 Inner Flame              Hex/Fire       19%        N/A       10%         3
 Summon Small Mammal      Summ           24%        N/A       12%         1
 Fulminant Prism          Conj/Hex       13%        3d9       17%         4
 Iskenderun's Mystic Bla  Conj/Tloc      26%        2d7       17%         4
 Call Canine Familiar     Summ           6%         N/A       34%         3
 Portal Projectile        Hex/Tloc       12%        N/A       34%         3
 Summon Guardian Golem    Hex/Summ       6%         N/A       34%         3
 Blade Hands              Tmut           16%        N/A       26%         5
 Starburst                Conj/Fire      19%        6d7       58%         6
 Excruciating Wounds      Necr           3%         N/A       97%         5


Dungeon Overview and Level Annotations

Branches:
Dungeon (15/15)            Temple (1/1) D:5            Lair (0/6) D:8
    Orc (0/2) D:11         Vaults (0/5) D:14
 Depths: D:15

Altars:
Ashenzari
Cheibriados
Dithmenos
Elyvilon
Fedhas
Gozag
Hepliaklqana
Kikubaaqudgha
Makhleb
Nemelex Xobeh
Okawaru
Qazlal
Ru
Sif Muna
Trog
Uskayaw
Vehumet
Wu Jian
Xom
Yredelemnul
Zin
The Shining One

Shops:
D:14 [

Portals:
Abyss: D:8

Annotations:
D:8 1 transporter, shmeve's ghost, novice MiBe
D:13 Urug


Innate Abilities, Weirdness & Mutations

You are immune to sickness and miasma.
Your stone body is resilient. (AC +8)
You are immune to poison.
You resist negative energy. (rN+)
You are resistant to electric shocks. (rElec)
You are resistant to unholy torment.
You are immune to petrification.


Message History

The sun demon is lightly wounded.
The sun demon shouts!
The shadow imp shouts, "Remove thy stench, thou loggerheaded elf-skinned scavenger!"
Shmeve's ghost turns its malevolent gaze towards you.
You hear a shout!
Casting: Stone Arrow (safe; 1% risk of failure)
Confirm with . or Enter, or press ? or * to list all spells.
Aiming: Stone Arrow (safe; 1% risk of failure)
Press: ? - help, Shift-Dir - straight line, f/p - sun demon
Aim: a sun demon (lightly wounded, 72% to hit)
You feel a surge of power!
The stone arrow misses the sun demon.
The sun demon hits you!
You are engulfed in flames!
The small abomination hits you but does no damage.
The shadow imp closely misses you.
Casting: Stone Arrow (safe; 1% risk of failure)
Confirm with . or Enter, or press ? or * to list all spells.
Aiming: Stone Arrow (safe; 1% risk of failure)
Press: ? - help, Shift-Dir - straight line, f/p - sun demon
Aim: a sun demon (lightly wounded, 72% to hit)
You feel a surge of power!
The stone arrow hits the sun demon!!
The sun demon is heavily wounded.
The sun demon hits you but does no damage.
A gnoll sergeant comes into view.
It is wielding the +8 demon trident "Rift" {distort, reach+}.
The small abomination hits you but does no damage.
The shadow imp barely misses you.
Casting: Stone Arrow (safe; 1% risk of failure)
Confirm with . or Enter, or press ? or * to list all spells.
Aiming: Stone Arrow (safe; 1% risk of failure)
Press: ? - help, Shift-Dir - straight line, f/p - sun demon
Aim: a sun demon (heavily wounded, 72% to hit)
You feel a surge of power!
The stone arrow hits the sun demon!
The sun demon is severely wounded.
The sun demon misses you.
The gnoll sergeant hits you from afar with the +8 demon trident "Rift" {distort, reach+}.
Space warps horribly around you!
The small abomination barely misses you.
The shadow imp misses you. The sun demon hits you!
* * * LOW HITPOINT WARNING * * *
You are engulfed in flames!
You die...

.....#.....................#
...........................#
..........####.......###...#
..........#..###...###$##..#
..........##...##©.# ?..#..##
...........#....#####..##...#
..##>.....##).#../....##....#
.........## #.#35#g.##.....#
....#....#x. #.x@..#.#©.....#
....#.#..##.#..###.W.###....####
.....##...##..##.###..###...##.#
.....#....##. #....##..##....#.##
.....#...##. ###...##x∩#.......#
..#......#.#######..##5##.......#
#.##.#...##...#.©#..##.#...#...##
......#...####..##..##!#...#....#
......#......####....###........#


You could see a sun demon, a small abomination, a gnoll sergeant, shmeve's ghost
and a shadow imp.

Vanquished Creatures
  An ogre mage (D:14)
  A hydra (D:14)
  4 two-headed ogres
  2 deep elf pyromancers (D:14)
  Pikel (D:5)
  4 ugly things
  3 manticores
  2 cyclopes
  A gargoyle (D:15)
  A kobold demonologist (D:9)
  4 rime drakes (D:14)
  A troll (D:9)
  Grinder (D:3)
  2 shadows (D:11)
  6 wyverns (D:14)
  2 basilisks (D:14)
  Eustachio (D:5)
  10 yaks
  2 steam dragons (D:8)
  7 vampire mosquitoes
  2 acid dragons
  A two-headed ogre zombie (D:11)
  3 wargs
  3 water moccasins
  2 hell hounds (D:14)
  An ice beast (D:5)
  An orc warrior (D:6)
  2 sky beasts
  A necrophage (D:4)
  4 ogres
  6 centaurs
  A phantom (D:11)
  A lemure (D:4)
  2 kobold brigands
  2 gnoll sergeants
  4 scorpions
  7 killer bees
  2 troll zombies (D:11)
  3 howler monkeys
  2 bullfrog zombies
  3 hounds
  7 centaur zombies
  2 gnoll shamans
  A jelly (D:4)
  9 orc priests
  A centaur skeleton (D:6)
  A bullfrog skeleton (D:5)
  Ijyb (D:5)
  3 iguanas
  Natasha (thrice) (D:1)
  9 orc wizards
  10 hell rats (D:14)
  5 ogre zombies (D:11)
  2 hound skeletons
  Robin (D:2)
  A howler monkey zombie (D:9)
  20 gnolls
  8 adders
  12 white imps (D:11)
  2 ufetubi
  3 worms
  2 dart slugs
  21 orcs
  A ball python (D:2)
  7 endoplasms
  7 giant cockroaches
  13 goblins
  11 hobgoblins
  3 jackals
  13 kobolds
  7 quokkas
  10 bats
  4 frilled lizards
  2 goblin skeletons (D:11)
  A goblin zombie (D:11)
  A hobgoblin skeleton (D:11)
  3 hobgoblin zombies (D:11)
  3 orc skeletons (D:11)
  15 orc zombies (D:11)
  7 rats
341 creatures vanquished.

Vanquished Creatures (others)
  An orc wizard (D:6)
  16 foxfires
17 creatures vanquished.

Grand Total: 358 creatures vanquished

Notes
Turn   | Place    | Note
-------+----------+-------------------------------------------
     0 | D:1      | Gorgormcgor the Gargoyle Earth Elementalist began the quest
                  | for the Orb.
     0 | D:1      | Reached XP level 1. HP: 10/10 MP: 3/3
   115 | D:1      | Found a faded altar of an unknown god.
   181 | D:1      | Reached skill level 1 in Transmutations
   181 | D:1      | Reached XP level 2. HP: 15/16 MP: 1/5
   184 | D:1      | Learned a level 2 spell: Passwall
   576 | D:1      | Reached skill level 1 in Fighting
   707 | D:1      | Reached XP level 3. HP: 20/20 MP: 3/6
   758 | D:1      | Learned a level 3 spell: Stone Arrow
   916 | D:2      | Reached skill level 4 in Earth Magic
  1040 | D:2      | Noticed Natasha
  1047 | D:1      | Killed Natasha
  1048 | D:1      | Reached skill level 1 in Conjurations
  1048 | D:1      | Reached XP level 4. HP: 12/25 MP: 3/7
  1212 | D:1      | Noticed Natasha
  1216 | D:1      | Killed Natasha
  1229 | D:1      | Noticed Natasha
  1238 | D:1      | Killed Natasha
  1239 | D:1      | Reached XP level 5. HP: 25/30 MP: 5/9
  1334 | D:2      | Noticed Robin
  1341 | D:2      | Killed Robin
  2552 | D:3      | Reached XP level 6. HP: 35/35 MP: 6/10
  3111 | D:3      | Noticed Grinder
  3501 | D:4      | Noticed a necrophage
  3525 | D:4      | Killed a necrophage
  3526 | D:4      | Reached skill level 5 in Earth Magic
  3526 | D:4      | Reached skill level 1 in Evocations
  3526 | D:4      | Reached XP level 7. HP: 40/40 MP: 4/11
  3894 | D:5      | Entered Level 5 of the Dungeon
  3991 | D:6      | Reached skill level 1 in Armour
  4181 | D:6      | Reached XP level 8. HP: 14/44 MP: 1/13
  5024 | D:7      | Found a blossoming altar of Fedhas.
  5024 | D:7      | Found a hide-covered altar of Uskayaw.
  5126 | D:7      | Reached skill level 6 in Earth Magic
  5654 | D:6      | Reached skill level 5 in Conjurations
  5659 | D:6      | Learned a level 4 spell: Petrify
  6188 | D:5      | Reached XP level 9. HP: 48/48 MP: 12/15
  6285 | D:5      | Noticed Eustachio
  6503 | D:3      | Killed Grinder
  6732 | D:5      | Noticed Pikel
  6846 | D:5      | Killed Eustachio
  6847 | D:5      | Reached skill level 5 in Spellcasting
  6847 | D:5      | Reached skill level 7 in Earth Magic
  7013 | D:5      | Found a staircase to the Ecumenical Temple.
  7077 | D:5      | Noticed Ijyb
  7094 | D:5      | Killed Ijyb
  7243 | Temple   | Entered the Ecumenical Temple
  7342 | Temple   | Became a worshipper of Sif Muna the Loreminder
  7466 | D:5      | Killed Pikel
  7876 | D:5      | Learned a level 1 spell: Foxfire
  8041 | D:8      | Reached skill level 5 in Armour
  8043 | D:8      | Reached skill level 1 in Invocations
  8124 | D:8      | Reached XP level 10. HP: 43/53 MP: 7/18
  8251 | D:7      | Reached skill level 1 in Fire Magic
  8405 | D:8      | Noticed a two-headed ogre
  8478 | D:8      | Found a transporter.
  8498 | D:8      | Noticed shmeve's ghost (novice MiBe)
  8499 | D:8      | Found a transporter.
  8499 | D:8      | Found a one-way gate to the infinite horrors of the Abyss.
  8508 | D:8      | Noticed a sun demon
  8570 | D:8      | Found a staircase to the Lair.
  8848 | D:9      | Noticed a kobold demonologist
  8850 | D:9      | Noticed a smoke demon
  8853 | D:9      | Killed a kobold demonologist
  8987 | D:9      | Noticed a two-headed ogre
  8990 | D:9      | Killed a two-headed ogre
  8991 | D:9      | Reached skill level 8 in Earth Magic
  9266 | D:9      | Reached * piety under Sif Muna
  9571 | D:10     | Entered Level 10 of the Dungeon
 10100 | D:10     | Reached skill level 5 in Transmutations
 10228 | D:10     | Reached XP level 11. HP: 57/57 MP: 10/20
 10352 | D:10     | Reached skill level 5 in Invocations
 10803 | D:11     | Reached ** piety under Sif Muna
 11086 | D:11     | Found a staircase to the Orcish Mines.
 11240 | D:11     | Learned a level 4 spell: Flame Wave
 11250 | D:11     | Reached skill level 9 in Earth Magic
 11358 | D:11     | Noticed a manticore
 11549 | D:11     | Noticed a manticore
 11581 | D:11     | Reached *** piety under Sif Muna
 12042 | D:12     | Learned a level 5 spell: Lee's Rapid Deconstruction
 12162 | D:12     | Noticed a cyclops
 12294 | D:12     | Noticed a brown ugly thing
 12304 | D:13     | Noticed a seven-headed hydra
 12435 | D:12     | Killed a purple ugly thing
 12701 | D:12     | Noticed a brown ugly thing
 13085 | D:11     | Identified a scroll of acquirement
 13085 | D:11     | Acquired the +0 helmet "Toeliqoy" {rPois Int+2}
 13523 | D:12     | Killed a cyclops
 13573 | D:13     | Noticed Urug
 13591 | D:13     | Identified the +0 chain mail of Cauwn {Dex+2 Slay+2}
 13613 | D:14     | Noticed a cyclops
 13633 | D:14     | Noticed a manticore
 13640 | D:14     | Killed a manticore
 13688 | D:14     | Found a glowing silver altar of Zin.
 13689 | D:14     | Found a glowing golden altar of the Shining One.
 13690 | D:14     | Found a white marble altar of Elyvilon.
 13752 | D:14     | Noticed a manticore
 13850 | D:14     | Reached XP level 12. HP: 62/62 MP: 9/21
 13926 | D:14     | Reached skill level 5 in Fire Magic
 14368 | D:14     | Noticed a two-headed ogre
 14389 | D:14     | Killed a two-headed ogre
 14451 | D:14     | Found Oleptubi's Antique Armour Boutique.
 14479 | D:14     | You fall into a shaft and drop 1 floor!
 14479 | D:15     | Entered Level 15 of the Dungeon
 14483 | D:15     | Reached skill level 10 in Earth Magic
 14563 | D:15     | Noticed a boulder beetle
 14979 | D:14     | Noticed a five-headed hydra
 14989 | D:14     | Killed a five-headed hydra
 15168 | D:14     | Noticed a two-headed ogre
 15169 | D:14     | Noticed an ogre mage
 15179 | D:14     | Killed a two-headed ogre
 15180 | D:14     | Reached skill level 5 in Dodging
 15189 | D:14     | Paralysed by an ogre mage for 7 turns
 15196 | D:14     | Killed an ogre mage
 15330 | D:14     | Found a gate to the Vaults.
 15810 | D:8      | Killed a two-headed ogre
 16457 | D:8      | Found a hazy altar of Hepliaklqana.
 16506 | D:8      | Slain by a sun demon

Illustrated notes

Levels and vault maps discovered:
D:1:      dpeg_arrival_court, layout_basic, ebering_ecumenical_altar_box,
          chequers_arboretum, corexii_corridor_pit
D:2:      layout_rooms, uniq_natasha, uniq_robin
D:3:      minmay_evil_eye, layout_basic, minmay_misc_feat_room, uniq_grinder
D:4:      layout_cave_pools
D:5:      layout_basic, temple_doors_e, uniq_pikel, uniq_eustachio, uniq_ijyb
D:6:      layout_loops_ring, hangedman_abyss_or_decor_stabs,
          hangedman_decor_peaks_small
D:7:      layout_loops_cross, mainiacjoe_overflow_divided_tiny,
          hellmonk_bongcloud_opening
D:8:      layout_cave_pools, lemuel_coloured_pillars_altar,
          erik_lair_orcish_takeover, gammafunk_ghost_abyssal_escape
D:9:      layout_roguey
D:10:     layout_small_grid, kennysheep_path_1, serial_park_tiny_pond
D:11:     layout_roguey, zombieorc2_lemuel, portal_ice_cave_entry_imps,
          columned_hall_lemuel
D:12:     layout_gridville, minivault_11
D:13:     layout_cave_pools, serial_shops, nicolae_shop_behind_doors,
          uniq_josephine, uniq_urug
D:14:     layout_roguey [special_room_mythical_zoo], david_vaults_2,
          good_gods_temple_1, serial_shops, nicolae_lakefront_shop
D:15:     grunt_enter_depths_snipers, layout_basic,
          nicolae_concentric_dashed_squares_wild, serial_curves, eino_curves_04,
          eino_curves_02
Temple:   mainiacjoe_temple_bowtie_tessellation

Skill      XL: |  1  2  3  4  5  6  7  8  9 10 11 12 |
---------------+-------------------------------------+-----
Transmutations | 1 2 3 4 5 6 |  6.1
Fighting       | 1 2 3 |  3.6
Earth Magic    | 4 5 6 7 8 9 10 | 10.4
Dodging        | 2 3 4 5 |  5.2
Conjurations   | 1 2 3 4 5 6 7 8 9 |  9.2
Spellcasting   | 3 4 5 6 |  6.6
Evocations     | 1 2 3 4 |  4.1
Armour         | 1 3 5 6 7 |  7.7
Invocations    | 1 4 6 7 |  7.3
Fire Magic     | 3 4 6 |  6.0
Stealth        | 3 |  3.9

Action                   |  1- 3 |  4- 6 |  7- 9 | 10-12 || total
-------------------------+-------+-------+-------+-------++-------
Melee: Unarmed           |     1 |       |       |       ||     1
       Dagger            |     7 |    77 |     4 |       ||    88
       Staff             |       |       |    23 |   263 ||   286
       Punch             |       |       |     1 |     3 ||     4
Throw: Javelin           |       |       |     4 |     2 ||     6
       Dart              |       |       |       |     7 ||     7
       Throwing net      |       |       |       |     1 ||     1
 Cast: Sandblast         |    41 |    66 |    84 |   141 ||   332
       Passwall          |     1 |       |       |       ||     1
       Stone Arrow       |       |     5 |    42 |   193 ||   240
       Foxfire           |       |       |     4 |     5 ||     9
       Petrify           |       |       |       |    12 ||    12
       Lee's Rapid Decon |       |       |       |     2 ||     2
Invok: Channel Magic     |       |       |       |     5 ||     5
Evoke: Wand              |       |       |       |     6 ||     6
  Use: Scroll            |       |       |    10 |     9 ||    19
       Potion            |       |       |       |     1 ||     1
 Stab: Petrified         |       |       |       |    10 ||    10
Armor: Robe              |     4 |    40 |    12 |       ||    56
       Leather armour    |       |       |    24 |    18 ||    42
       Troll leather arm |       |       |       |   301 ||   301
Dodge: Dodged            |    14 |    70 |    83 |   317 ||   484
       Repelled          |       |       |       |     3 ||     3
